 Dungeon Crawl Stone Soup version 0.30-a0-1094-g860fb061e7 (webtiles) character file.

Game seed: 15569303223840898350

832 qeuew the Shooter (level 8, -1/59 HPs)
             Began as a Formicid Hunter on Apr 17, 2023.
             Slain by a troll (8 damage)
             ... on level 5 of the Dungeon.
             The game lasted 00:06:00 (4343 turns).

qeuew the Shooter (Formicid Hunter)                 Turns: 4343, Time: 00:06:01

Health: -1/59      AC: 10    Str: 16    XL:     8   Next: 18%
Magic:  8/8        EV: 14    Int:  9    God:
Gold:   305        SH:  0    Dex: 19    Spells: 7/7 levels left

rFire   . . .      SeeInvis +    f - +0 falchion
rCold   . . .      Faith    .    (no shield)
rNeg    . . .      Spirit   .    g - +1 chain mail
rPois   +          Reflect  .    (helmet unavailable)
rElec   .          Rampage  .    (no cloak)
rCorr   .                        (no gloves)
Will    .....                    (no boots) Stlth
                                 (no amulet)
HPRegen 0.29/turn                e - ring of poison resistance
MPRegen 0.11/turn                j - +5 ring of evasion

@: mighty, flying
A: permanent stasis, dig shafts and tunnels, antennae 3, four strong arms
a: Dig, Shaft Self


You were on level 5 of the Dungeon.
You visited 1 branch of the dungeon, and saw 5 of its levels.

You collected 305 gold pieces.

Inventory:

Hand Weapons
 a - a +1 shortbow
 f - a +0 falchion (weapon)
Missiles
 h - 10 poisoned darts
Armour
 g - a +1 chain mail (worn)
Jewellery
 d - a ring of positive energy
 e - a ring of poison resistance (left hand)
 j - a +5 ring of evasion (right hand)
Wands
 m - a wand of digging (4)
 n - a wand of flame (22)
Scrolls
 i - a scroll of fog
 l - a scroll of enchant weapon
Potions
 k - a potion of curing
 o - a potion of brilliance
 p - a potion of mutation {unknown}


   Skills:
 + Level 3.6 Fighting
 + Level 2.1 Long Blades
 * Level 5.8 Ranged Weapons
 * Level 4.2 Armour
 * Level 4.1 Dodging
 + Level 3.9 Stealth


You had 7 spell levels left.
You didn't know any spells.
Your spell library contained the following spells:

 Spells                   Type           Power      Damage    Failure   Level
 Sandblast                Erth           0%         2d4       99%         1
 Ozocubu's Armour         Ice            0%         N/A       100%        3
 Ice Form                 Ice/Tmut       0%         N/A       100%        4
 Leda's Liquefaction      Hex/Erth       0%         N/A       100%        4
 Petrify                  Tmut/Erth      0%         N/A       100%        4
 Summon Ice Beast         Ice/Summ       0%         N/A       100%        4
 Metabolic Englaciation   Hex/Ice        0%         N/A       100%        5
 Statue Form              Tmut/Erth      0%         N/A       100%        6
 Orb of Destruction       Conj           0%         9d5       100%        7


Dungeon Overview and Level Annotations

Branches:
Dungeon (5/15)
 Temple: D:4-7

Altars:

Shops:
D:2 [*


Innate Abilities, Weirdness & Mutations

You cannot be hasted, slowed, berserked, paralysed or teleported.
You can dig through walls and to a lower floor.
You have a pair of large antennae on your head. (SInv)
Your four strong arms can wield two-handed weapons with a shield.


Message History

There are monsters nearby!
You are too injured to fight recklessly!
There are monsters nearby!
Unknown command.
You are too injured to fight recklessly!
You are too injured to fight recklessly!
There are monsters nearby!
Unknown command.
You are too injured to fight recklessly!
There are monsters nearby!
Unknown command.
There are monsters nearby!
You are too injured to fight recklessly!
Unknown command.
There are monsters nearby!
You are too injured to fight recklessly!
Unknown command.
There are monsters nearby!
You are too injured to fight recklessly!
There are monsters nearby!
Unknown command.
You are too injured to fight recklessly!
There are monsters nearby!
You are too injured to fight recklessly!
Okay, then.
f - a +0 falchion (weapon)
You feel very mighty all of a sudden. The troll bites you but does no damage.
The troll claws you! The troll misses you.
You slash the troll!
The troll is heavily wounded.
The troll bites you!
* * * LOW HITPOINT WARNING * * *
The troll claws you but does no damage. The troll barely misses you.
The troll closely misses you. The troll barely misses you. The troll claws you.
* * * LOW HITPOINT WARNING * * *
It was a potion of flight.
You feel very buoyant.
You fly up into the air.
The troll bites you!
You die...

#.#...####..# #>.........# #
##.........## .# #...........#
..# #........§.§# ..##
#....♣~~~§§.# ...#
##...♣~~~§§## ##########
.P.####.|..~~~~..# #........#
...##...##P~~.~.@# #?...W.o.#
~..#..#.##..~..♣.Too#.....o..#
~..>.##.####.######oo....o...#
.♣.####.###..## #........#
............... .......o.#
...####.####### #......<.#
............# #........#
###....[..).# #.....h..# #
#.........# #........#


You could see a troll, an orc wizard (invisible) and 3 orcs.

Vanquished Creatures
  Sigmund (D:2)
  A water moccasin (D:5)
  A phantom (D:5)
  A crimson imp (D:4)
  A quasit (D:5)
  3 hounds
  An orc priest (D:4)
  Jessica (D:2)
  Terence (D:2)
  An orc wizard (D:4)
  An iguana (D:4)
  4 adders
  2 shadow imps (D:5)
  3 white imps
  An ufetubus (D:5)
  A worm (D:2)
  5 dart slugs
  17 orcs
  8 ball pythons
  5 bats (D:1)
  3 endoplasms
  6 giant cockroaches
  5 goblins
  7 hobgoblins (D:1)
  11 jackals
  4 quokkas
  7 frilled lizards
  7 kobolds
  3 rats
112 creatures vanquished.

Notes
Turn   | Place    | Note
-------+----------+-------------------------------------------
     0 | D:1      | qeuew the Formicid Hunter began the quest for the Orb.
     0 | D:1      | Reached XP level 1. HP: 16/16 MP: 1/1
    57 | D:1      | Reached XP level 2. HP: 22/22 MP: 2/2
   208 | D:1      | Reached skill level 1 in Armour
   284 | D:1      | Got the Papyrus of the Frigorific Fifth Circle
   287 | D:1      | Reached XP level 3. HP: 28/28 MP: 3/3
   603 | D:1      | Found a faded altar of an unknown god.
   974 | D:2      | Noticed Jessica
   977 | D:2      | Killed Jessica
   978 | D:2      | Reached XP level 4. HP: 34/34 MP: 4/4
  1066 | D:2      | Noticed Terence
  1076 | D:2      | Killed Terence
  1077 | D:2      | Reached XP level 5. HP: 18/39 MP: 5/5
  1381 | D:2      | You fall into a shaft and drop 2 floors!
  1579 | D:4      | Reached XP level 6. HP: 25/46 MP: 6/6
  1765 | D:4      | Identified the +2 leather armour of the Robin {Drain Str+6}
  1835 | D:3      | Reached skill level 1 in Long Blades
  1896 | D:2      | Noticed Sigmund
  1914 | D:2      | Killed Sigmund
  1915 | D:2      | Reached skill level 5 in Ranged Weapons
  1915 | D:2      | Reached XP level 7. HP: 38/52 MP: 7/7
  2013 | D:2      | Found Xacaob's Armour Shop.
  2068 | D:2      | Found Wepridoc's General Store.
  2502 | D:3      | Got Sif Muna's Anthology of the Friendly Lithosphere
  3975 | D:5      | Entered Level 5 of the Dungeon
  3975 | D:5      | Noticed a water moccasin
  4242 | D:5      | Killed a water moccasin
  4286 | D:5      | Reached XP level 8. HP: 54/58 MP: 8/8
  4334 | D:5      | Noticed a troll
  4343 | D:5      | Slain by a troll

Illustrated notes

Levels and vault maps discovered:
D:1:      giann_wishing_wells, layout_basic, basic_ecumenical_altar,
          minmay_stone_trees_small, wander_ebering_terrifying_dragon_lair
D:2:      layout_basic, serial_shops, nicolae_shop_behind_doors, shop_fountains,
          uniq_sigmund, uniq_terence, uniq_jessica
D:3:      layout_basic
D:4:      layout_layer_cave, grunt_ministairs_10, minmay_fire_ice_demons
D:5:      layout_rooms, serial_demonic, serial_demonic_f, serial_demonic_b,
          serial_demonic_c, serial_demonic_f, guppyfry_shop_venom

Skill      XL: |  1  2  3  4  5  6  7 |
---------------+----------------------+-----
Dodging        | 2 3 4 |  4.1
Armour         | 1 2 3 4 |  4.2
Stealth        | 2 3 |  3.9
Long Blades    | 1 2 |  2.1
Fighting       | 3 |  3.6
Ranged Weapons | 5 |  5.8

Action                     |  1- 3 |  4- 6 |  7- 9 || total
---------------------------+-------+-------+-------++-------
  Melee: Falchion          |       |       |     1 ||     1
   Fire: Shortbow          |    81 |   123 |   171 ||   375
Ability: Dig               |     6 |       |       ||     6
    Use: Scroll            |     2 |       |     4 ||     6
         Potion            |       |       |     6 ||     6
 Armour: Leather armour    |    12 |       |       ||    12
         Chain mail        |       |    35 |    87 ||   122
  Dodge: Dodged            |    32 |    61 |   165 ||   258

Table legend: (Time is in decaauts)
 A = Elapsed time spent in this place.
 B = Non-inter-level travel time spent in this place.
 C = Inter-level travel time spent in this place.
 D = Time resting spent in this place.
 E = Time spent auto-exploring this place.
 F = Levels seen in this place.
 G = Mean time per level.
                   A        B        C        D        E       F      G
               +--------+--------+--------+--------+--------+-----+--------+
         Total |   4546 |   4333 |    213 |      0 |   3470 |   5 |  909.2 |
       Dungeon |   4546 |   4333 |    213 |      0 |   3470 |   5 |  909.2 |
               +--------+--------+--------+--------+--------+-----+--------+

Top non-repeatable levels by time:
     D:4: 1617 daAuts
     D:1: 929 daAuts
     D:2: 871 daAuts
     D:3: 832 daAuts
     D:5: 294 daAuts
